 Dungeon Crawl Stone Soup version 0.25-a0-583-g696c2ac64d (webtiles) character file.

Game seed: 10865753040667117828, levelgen mode: deterministic

26 Kohma the Insei (level 3, 0/23 HPs)
             Began as an Octopode Transmuter on Mar 8, 2020.
             Slain by a hobgoblin
             ... wielding a +0 club
             ... led by Robin
              (4 damage)
             ... on level 2 of the Dungeon.
             The game lasted 00:02:08 (1056 turns).

Kohma the Insei (Octopode Transmuter)               Turns: 1056, Time: 00:02:09

Health: 0/23       AC:  1    Str:  9    XL:     3   Next: 8%
Magic:  2/7        EV: 13    Int: 16    God:
Gold:   37         SH:  0    Dex: 12    Spells: 1/7 levels left

rFire    . . .     SeeInvis .     - Unarmed
rCold    . . .     Gourm    .   (no shield)
rNeg     . . .     Faith    .   (helmet restricted)
rPois    .         Spirit   .   (no amulet)
rElec    .         Reflect  .   (no ring)
rCorr    .         Harm     .   (no ring)
MR       .....                  (no ring)
Stlth    ++........             (no ring)
HPRegen  0.07/turn              (no ring)
MPRegen  0.10/turn              (no ring)
                                (no ring)
                                (no ring)

@: very slightly contaminated
A: almost no armour, stealthy swim, amphibious, 8 rings, constrict 8, camouflage
1, gelatinous body 1
a: no special abilities


You were on level 2 of the Dungeon.
You were hungry.

You visited 1 branch of the dungeon, and saw 2 of its levels.

You collected 37 gold pieces.

Inventory:

Missiles
 a - 98 arrows
 j - 7 javelins (quivered)
Jewellery
 e - an uncursed amulet of the acrobat {unknown}
Scrolls
 b - a scroll of identify {unknown}
 f - a scroll of amnesia {unknown}
 i - a scroll of remove curse {unknown}
 k - a scroll of fear {unknown}
 l - a scroll of blinking {unknown}
Potions
 d - a potion of lignification {unknown}
 g - a potion of berserk rage {unknown}
 h - a potion of flight {unknown}
Comestibles
 c - 3 rations
 m - 3 chunks of flesh


   Skills:
 - Level 1.0 Fighting
 - Level 2.0 Dodging
 - Level 3.0 Unarmed Combat
 + Level 2.7 Spellcasting
 + Level 2.8 Transmutations


You had one spell level left.
You knew the following spells:

 Your Spells              Type           Power        Failure   Level  Hunger
a - Beastly Appendage     Tmut           ##....       6%          1    #......
b - Sticks to Snakes      Tmut           ##......     9%          2    ##.....
c - Spider Form           Tmut/Pois      #.........   32%         3    ###....

Your spell library contained the following spells:

 Spells                   Type           Power        Failure   Level  Hunger
 Ice Form                 Ice/Tmut       #.......     71%         4    #####..
 Blade Hands              Tmut           ##........   86%         5    ######.


Dungeon Overview and Level Annotations

Branches:
Dungeon (2/15)

Altars:

Annotations:
D:2 Robin


Innate Abilities, Weirdness & Mutations

You cannot wear most types of armour.
You are very stealthy in the water. (Stealth+)
You are amphibious.
You can wear up to eight rings at the same time.
You can use your tentacles to constrict eight enemies at once.
Your skin changes colour to match your surroundings (Stealth+).
Your rubbery body absorbs attacks. (AC +1, EV +1)


Message History

You constrict the hobgoblin.
You kill the hobgoblin!
The goblin closely misses you.
You bump into the rock wall.
The hobgoblin misses you. The goblin barely misses you.
You're too confused to move!
The goblin hits you.
* * * LOW HITPOINT WARNING * * *
The hobgoblin closely misses you.
The goblin wields a +0 hunting sling.
The goblin shoots a stone.
The stone completely misses you.
You're too confused to cast spells.
You feel less confused.
Casting: Spider Form (safe; 32% risk of failure)
Confirm with . or Enter, or press ? or * to list all spells.
You miscast Spider Form.
Nothing appears to happen.
Robin says, "My goblins will feast on your bones."
Robin throws the goblin at you!
* * * LOW HITPOINT WARNING * * *
The hobgoblin hits you with a +0 club.
You die...

####.# #.# #.# # #.#
#.##.g ##.####.#
#.##.# ........#
#.##.# ........#
#.##.# ........#
#.##.# #######.#
#.##.#
######.#######@##.###
.........)...(ggg.gg.#
........#######.##.#†#
##...#### #.##.#.#
#... #.##.#g# #..
#.##.#.# #. #.##.#g#
#. #.##.#g# #.##.#.#


You could see Robin, a hobgoblin and 3 goblins.

Vanquished Creatures
  2 dart slugs (D:1)
  A ball python (D:1)
  3 giant cockroaches (D:1)
  3 goblins (D:1)
  5 hobgoblins
  A frilled lizard (D:1)
  2 kobolds (D:1)
  3 rats (D:1)
20 creatures vanquished.

Notes
Turn   | Place    | Note
-------+----------+-------------------------------------------
     0 | D:1      | Kohma the Octopode Transmuter began the quest for the Orb.
     0 | D:1      | Reached XP level 1. HP: 13/13 MP: 3/3
   153 | D:1      | Reached XP level 2. HP: 2/18 MP: 3/5
   968 | D:1      | Reached XP level 3. HP: 22/23 MP: 4/6
   983 | D:1      | Learned a level 2 spell: Sticks to Snakes
   987 | D:1      | Learned a level 3 spell: Spider Form
  1040 | D:2      | Noticed Robin
  1056 | D:2      | Slain by a hobgoblin

Levels and vault maps discovered:
D:1:      nagdon_arrival_zigzag_paths, layout_basic, glass_columns_a,
          corexii_corridor_pit
D:2:      layout_basic, first_ration, uniq_robin

Action                   || total
-------------------------++-------
Melee: Unarmed           ||    43
       Constrict         ||    14
       Tentacles         ||     6
       Kick              ||     4
       Punch             ||     1
Throw: Javelin           ||     3
 Cast: Beastly Appendage ||     7
 Stab: Sleeping          ||     1
Armor: Skin              ||     3
Dodge: Dodged            ||    35

Table legend:
 A = Non-vault XP
 B = Vault XP
 C = Vault XP percentage of total XP
 D = Non-vault monster count
 E = Vault monster count
 F = Vault count percentage of total count
                 A         B        C        D         E       F
            +---------+---------+-------+---------+---------+-------
      Total |      36 |       2 |   5.3 |      19 |       1 |   5.0
            +---------+---------+-------+---------+---------+-------
        D:1 |      34 |       0 |   0.0 |      18 |       0 |   0.0
        D:2 |       2 |       2 |  50.0 |       1 |       1 |  50.0
            +---------+---------+-------+---------+---------+-------
